 Dungeon Crawl Stone Soup version 0.20-a0-1122-gb7cbeb9 (webtiles) character file.

40 Finntroll the Sneak (level 3, 0/35 HPs)
             Began as a Troll Assassin on May 14, 2017.
             Succumbed to an adder's poison
             ... on level 2 of the Dungeon.
             The game lasted 00:08:26 (1186 turns).

Finntroll the Sneak (Troll Assassin)                Turns: 1186, Time: 00:08:26

Health: 0/35       AC:  6    Str: 20    XL:     3   Next: 30%
Magic:  2/2        EV: 10    Int:  7    God:
Gold:   62         SH:  0    Dex: 11    Spells: 2/2 levels left

rFire    . . .     SeeInvis .   h - +0 mace
rCold    . . .     Gourm    +   (no shield)
rNeg     . . .     Faith    .   c - +0 robe
rPois    .         Spirit   .   (helmet restricted)
rElec    .         Reflect  .   d - +0 cloak
rCorr    .         Harm     .   (gloves unavailable)
MR       .....                  (boots unavailable)
Stlth    ++........             (no amulet)
Regen    0.6/turn               (no ring)
MPRegen  0.1/turn               (no ring)

@: lethally poisoned (0 -> 0)
A: unfitting armour, claws 3, fast metabolism 3, gourmand, regeneration 1,
shaggy fur 1, tough skin 2
a: no special abilities


You were on level 2 of the Dungeon.
You were not hungry.

You visited 1 branch of the dungeon, and saw 2 of its levels.

You collected 62 gold pieces.

Inventory:

Hand Weapons
 a - a +2 dagger
 b - a +0 blowgun
 g - a +0 hunting sling
 h - a +0 mace (weapon)
Missiles
 e - 8 poisoned needles
 f - 2 curare-tipped needles
Armour
 c - a +0 robe (worn)
 d - a +0 cloak (worn)
 k - a +0 ring mail
Jewellery
 p - an uncursed ring of protection from cold {unknown}
Scrolls
 i - a scroll of teleportation {unknown}
 n - a scroll of enchant weapon {unknown}
Potions
 j - a potion of curing {unknown}
 l - a potion of haste {unknown}
 m - a potion of resistance {unknown}
Comestibles
 o - a bread ration
 q - a chunk of flesh


   Skills:
 + Level 1.8 Fighting
 + Level 1.9 Short Blades
 + Level 0.6 Maces & Flails
 + Level 1.9 Throwing
 + Level 1.4 Dodging
 + Level 2.4 Stealth


You had 2 spell levels left.
You didn't know any spells.

Dungeon Overview and Level Annotations

Branches:
Dungeon (2/15)

Altars:


Innate Abilities, Weirdness & Mutations

You are too large for most types of armour.
You have claws for hands.
Your metabolism is lightning-fast.
You like to eat raw meat.
Your natural rate of healing is unusually fast.
You are covered in fur. (AC +1)
You have very tough skin. (AC +2)


Message History

You closely miss the adder.
You feel sick. The adder bites you but does no damage.
The adder barely misses you.
Eat one of 2 chunks of flesh? (ye/n/q)
You eat one of the 2 chunks of flesh.
This raw flesh tastes great.
The adder bites you but does no damage.
A dart slug comes into view.
You thump the adder!
The adder is severely wounded.
You feel sick. The adder bites you but does no damage.
The adder barely misses you.
You hit the adder.
The adder is almost dead.
The adder bites you.
* * * LOW HITPOINT WARNING * * *
The gnoll hits you with a club.
* * * LOW HITPOINT WARNING * * *
The adder closely misses you.
You miss the adder.
The adder is almost dead.
You die...

#.# #)# #.# #<#
##.##
..#####...#
#.......#.#
#.####...g#####
#..#.bS@gw#
#..#.####.#
....#.. ..
##...#.#? ##
#.......#
#..#### # ##.


You could see a gnoll, an adder, a dart slug, a goblin and a bat.

Vanquished Creatures
  A gnoll (D:2)
  A dart slug (D:1)
  4 leopard geckos
  A ball python (D:1)
  3 bats (D:1)
  2 giant cockroaches (D:1)
  A jackal (D:2)
  3 kobolds (D:1)
  2 frilled lizards (D:1)
  3 goblins
  4 rats (D:1)
25 creatures vanquished.

Notes
Turn   | Place    | Note
-------+----------+-------------------------------------------
     0 | D:1      | Finntroll the Troll Assassin began the quest for the Orb.
     0 | D:1      | Reached XP level 1. HP: 19/19 MP: 0/0
    73 | D:1      | Reached XP level 2. HP: 27/27 MP: 1/1
   939 | D:1      | Reached skill level 1 in Dodging
  1153 | D:2      | Reached XP level 3. HP: 28/35 MP: 2/2
  1185 | D:2      | HP: 1/35 [gnoll/club (5)]
  1186 | D:2      | Succumbed to an adder's poison

Vault maps used:
D:1:      erik_arrival_cave_to_civilisation
D:2:      first_bread, minmay_tetromino_i4, uniq_sigmund

Skill      XL: |  1  2 |
---------------+-------+-----
Dodging        | 1 |  1.4
Fighting       | |  1.8
Short Blades   | |  1.9
Maces & Flails | |  0.6
Throwing       | |  1.9
Stealth        | |  2.4

Action                   || total
-------------------------++-------
Melee: Dagger            ||    16
       Mace              ||    78
 Stab: Sleeping          ||     2
  Eat: Bread ration      ||     2
       Chunk             ||     3
Armor: Robe              ||    66
Dodge: Dodged            ||    87
